 Dungeon Crawl Stone Soup version 0.27-a0-101-g3cb999cee2 (webtiles) character file.

Game seed: 1893964888339592008

14 kae the Ruffian (level 2, 0/29 HPs)
             Began as a Troll Monk on Jan 21, 2021.
             Slain by a jackal (3 damage)
             ... on level 1 of the Dungeon.
             The game lasted 00:00:13 (223 turns).

kae the Ruffian (Troll Monk)                         Turns: 223, Time: 00:00:14

Health: 0/29       AC:  6    Str: 18    XL:     2   Next: 31%
Magic:  1/1        EV: 10    Int:  6    God:
Gold:   36         SH:  0    Dex: 12    Spells: 1/1 levels left

rFire    . . .     SeeInvis .     - Unarmed
rCold    . . .     Faith    .   (no shield)
rNeg     . . .     Spirit   .   a - +0 robe
rPois    .         Reflect  .   (helmet restricted)
rElec    .         Harm     .   (no cloak)
rCorr    .         Rampage  .   (gloves unavailable)
Will     .....                  (boots unavailable)
Stlth    ++........             (no amulet)
HPRegen  0.49/turn              (no ring)
MPRegen  0.07/turn              (no ring)

@: no status effects
A: large, unfitting armour, claws 3, regeneration 1, shaggy fur 1, tough skin 3
a: no special abilities


You were on level 1 of the Dungeon.
You visited 1 branch of the dungeon, and saw 1 of its levels.

You collected 36 gold pieces.

Inventory:

Armour
 a - a +0 robe (worn)
Jewellery
 b - a cursed amulet of inaccuracy {unknown}


   Skills:
 + Level 2.6 Fighting
 + Level 2.5 Dodging
 - Level 1.0 Stealth
 * Level 3.4 Unarmed Combat


You had one spell level left.
You didn't know any spells.
Your spell library was empty.

Dungeon Overview and Level Annotations

Branches:
Dungeon (1/15)

Altars:

Annotations:
D:1 1 runed translucent door


Innate Abilities, Weirdness & Mutations

You are too large for most types of armour.
You have claws for hands.
Your natural rate of healing is unusually fast.
You are covered in fur. (AC +1)
You have extremely tough skin. (AC +3)


Message History

The jackal bites you but does no damage.
You barely miss the goblin. Your claw misses the goblin. The jackal bites you.
The goblin hits you but does no damage. The jackal bites you.
The kobold closely misses you.
There are monsters nearby!
You scratch the goblin.
The goblin is moderately wounded.
A frilled lizard comes into view.
The goblin hits you but does no damage. The kobold hits you but does no damage.
The frilled lizard hisses angrily.
You scratch the goblin.
You kill the goblin!
The jackal bites you. The jackal barely misses you.
The jackal closely misses you. The kobold hits you but does no damage.
You are electrocuted!
The jackal barely misses you. The kobold hits you but does no damage.
You are electrocuted!
* * * LOW HITPOINT WARNING * * *
The jackal bites you.
You die...

#..............##.# #
#.############.##.#
#.#.#... #.##.#
#####.#.#.##.#######(##.##
..........................
#####.#.#.##.........##.##
#.#.###############.#
#..)......... #)#
#.h.h@###### #.# #..Kh.#
#.# #)..J.# #.# [.l..?..#
#.# ....K....#
#......##### #......
..####. !. ..


You could see an ooze, 3 jackals, 2 kobolds and a frilled lizard.

Vanquished Creatures
  A leopard gecko (D:1)
  3 bats (D:1)
  3 goblins (D:1)
  A hobgoblin (D:1)
  A jackal (D:1)
  3 kobolds (D:1)
12 creatures vanquished.

Notes
Turn   | Place    | Note
-------+----------+-------------------------------------------
     0 | D:1      | kae the Troll Monk began the quest for the Orb.
     0 | D:1      | Reached XP level 1. HP: 22/22 MP: 0/0
     1 | D:1      | Found a runed translucent door.
   127 | D:1      | Reached XP level 2. HP: 29/29 MP: 1/1
   223 | D:1      | Slain by a jackal

Illustrated notes

Levels and vault maps discovered:
D:1:      dpeg_arrival_caged_fury, layout_basic

Action                   || total
-------------------------++-------
Melee: Unarmed           ||    26
Armor: Robe              ||    15
Dodge: Dodged            ||    17

Table legend: (Time is in decaauts)
 A = Elapsed time spent in this place.
 B = Non-inter-level travel time spent in this place.
 C = Inter-level travel time spent in this place.
 D = Time resting spent in this place.
 E = Time spent auto-exploring this place.
 F = Levels seen in this place.
 G = Mean time per level.
                   A        B        C        D        E       F      G
               +--------+--------+--------+--------+--------+-----+--------+
         Total |    221 |    221 |      0 |      0 |    161 |   1 |  221.0 |
       Dungeon |    221 |    221 |      0 |      0 |    161 |   1 |  221.0 |
               +--------+--------+--------+--------+--------+-----+--------+

Top non-repeatable levels by time:
     D:1: 221 daAuts
